 Dungeon Crawl Stone Soup version 0.24.0-13-gcf9b3192b9 (webtiles) character file.

Game seed: 11267256443908139335, levelgen mode: deterministic

363 Delamore the Cleaver (level 6, -1/51 HPs)
             Began as a Hill Orc Fighter on Nov 10, 2019.
             Slain by an ogre
             ... wielding a +0 giant spiked club
              (11 damage)
             ... on level 4 of the Dungeon.
             The game lasted 00:04:07 (2429 turns).

Delamore the Cleaver (Hill Orc Fighter)             Turns: 2429, Time: 00:04:08

Health: -1/51      AC: 12    Str: 21    XL:     6   Next: 67%
Magic:  6/6        EV:  7    Int:  8    God:
Gold:   168        SH:  9    Dex: 10    Spells: 5/5 levels left

rFire    . . .     SeeInvis .   a - +0 war axe
rCold    . . .     Gourm    .   c - +0 shield
rNeg     . . .     Faith    .   b - +0 scale mail
rPois    .         Spirit   .   r - +0 helmet
rElec    .         Reflect  .   w - +2 cloak
rCorr    .         Harm     .   (no gloves)
MR       .....                  v - +0 pair of boots
Stlth    ..........             (no amulet)
HPRegen  0.17/turn              (no ring)
MPRegen  0.10/turn              (no ring)

@: no status effects
A: no striking features
a: no special abilities


You were on level 4 of the Dungeon.
You were not hungry.

You visited 1 branch of the dungeon, and saw 4 of its levels.

You collected 168 gold pieces.

Inventory:

Hand Weapons
 a - a +0 war axe (weapon)
Armour
 b - a +0 scale mail (worn)
 c - a +0 shield (worn)
 r - a +0 helmet (worn)
 v - a +0 pair of boots (worn)
 w - a +2 cloak (worn)
Scrolls
 g - a scroll of enchant armour {unknown}
 h - 3 scrolls of teleportation {unknown}
 j - 5 scrolls of identify {unknown}
 l - 2 scrolls of magic mapping {unknown}
 m - a scroll of blinking {unknown}
 p - 3 scrolls of random uselessness {unknown}
 s - 2 scrolls of remove curse {unknown}
Potions
 d - a potion of might
 e - 2 potions of degeneration {unknown}
 i - a potion of resistance {unknown}
 k - a potion of heal wounds {unknown}
 o - 2 potions of agility {unknown}
 q - a potion of magic {unknown}
 t - 3 potions of curing {unknown}
 u - a potion of haste {unknown}
 x - a potion of flight {unknown}
Comestibles
 f - 4 rations


   Skills:
 - Level 3.6 Fighting
 * Level 9.1 Axes
 - Level 3.2 Armour
 - Level 3.2 Shields


You had 5 spell levels left.
You didn't know any spells.
Your spell library was empty.

Dungeon Overview and Level Annotations

Branches:
Dungeon (4/15)
 Temple: D:4-7

Altars:
Elyvilon
Hepliaklqana
Kikubaaqudgha
Makhleb
Vehumet


Message History

You hear the sound of rushing water.
There is an entrance to a sewer on this level.
Hurry and find it before the portal rusts away!
The ogre hits you with a +0 giant spiked club!
The orc hits you but does no damage. x2; The gnoll barely misses you.
There is a stone staircase leading up, spattered with blood here.
You hit the ogre.
The ogre is lightly wounded.
You hit the gnoll. You hit the orc. The ogre barely misses you.
The orc hits you but does no damage.
Your shield and scale mail prevent you from hitting the orc.
The orc is severely wounded.
Your shield and scale mail prevent you from hitting the ogre.
You slash the gnoll!
The ogre hits you with a +0 giant spiked club!!
Ouch! That really hurt!
* * * LOW HITPOINT WARNING * * *
The orc hits you but does no damage. You block the gnoll's attack.
You block the orc's attack.
The ogre hits you with a +0 giant spiked club!
You die...

# .# ## ####.
.. ... #.#O#
#.o@#
#..g)w....#
#...........#
###..g......≈
.........≈≈
##........≈≈
.........g≈
...........≈


You could see an ogre, 3 gnolls, a dart slug and an orc.

Vanquished Creatures
  Grinder (D:3)
  An orc wizard (D:3)
  Robin (D:2)
  A gnoll (D:1)
  An adder (D:2)
  An ooze (D:3)
  A dart slug (D:3)
  2 leopard geckos
  5 orcs
  A ball python (D:1)
  9 bats
  5 giant cockroaches
  12 goblins
  8 hobgoblins
  8 jackals (D:3)
  A frilled lizard (D:1)
  8 kobolds
  6 rats
72 creatures vanquished.

Vanquished Creatures (others)
  A human (D:3)
1 creature vanquished.

Grand Total: 73 creatures vanquished

Notes
Turn   | Place    | Note
-------+----------+-------------------------------------------
     0 | D:1      | Delamore the Hill Orc Fighter began the quest for the Orb.
     0 | D:1      | Reached XP level 1. HP: 19/19 MP: 1/1
    16 | D:1      | Reached skill level 3 in Axes
    33 | D:1      | Reached XP level 2. HP: 22/26 MP: 2/2
    80 | D:1      | Reached skill level 4 in Axes
   391 | D:1      | Reached XP level 3. HP: 27/31 MP: 3/3
   583 | D:1      | Reached skill level 5 in Axes
  1014 | D:2      | Noticed Robin
  1015 | D:2      | Reached XP level 4. HP: 39/39 MP: 4/4
  1032 | D:2      | Killed Robin
  1032 | D:2      | Reached skill level 6 in Axes
  1093 | D:2      | Found a white marble altar of Elyvilon.
  1317 | D:2      | Found a radiant altar of Vehumet.
  1324 | D:2      | Found a burning altar of Makhleb.
  1433 | D:3      | Found a hazy altar of Hepliaklqana.
  1576 | D:3      | Noticed Grinder
  1589 | D:3      | Paralysed by Grinder for 7 turns
  1601 | D:3      | Killed Grinder
  1601 | D:3      | Reached skill level 8 in Axes
  1601 | D:3      | Reached XP level 5. HP: 7/45 MP: 5/5
  1601 | D:3      | Reached XP level 6. HP: 8/51 MP: 6/6
  2313 | D:3      | Found an ancient bone altar of Kikubaaqudgha.
  2313 | D:3      | Noticed a human
  2317 | D:3      | Killed a human
  2424 | D:3      | Reached skill level 9 in Axes
  2429 | D:4      | Slain by an ogre

Levels and vault maps discovered:
D:1:      nicolae_arrival_memento_mori, layout_loops_ring
D:2:      layout_loops_ring, minitemple, elyvilon_altar_4, first_ration,
          uniq_robin
D:3:      layout_loops_ring, lemuel_coloured_pillars_altar, tgw_kikubaaqudgha,
          uniq_grinder
D:4:      layout_basic, gup_sewer_entry_glass, kennysheep_slug_shrine

Skill      XL: |  1  2  3  4  5  6 |
---------------+-------------------+-----
Axes           | 3 4 5 8 9 |  9.1
Fighting       | |  3.6
Armour         | |  3.2
Shields        | |  3.2

Action                   |  1- 3 |  4- 6 || total
-------------------------+-------+-------++-------
Melee: War axe           |   113 |   106 ||   219
  Eat: Chunk             |     1 |     4 ||     5
Armor: Scale mail        |    63 |    49 ||   112
Dodge: Dodged            |    44 |    29 ||    73
Block: Shield            |    59 |    42 ||   101
